 Dungeon Crawl Stone Soup version 0.31-a0-188-g5e087ee2ca (webtiles) character file.

Game seed: 6174588881353722759

893 qw the Skirmisher (level 7, -1/40 HPs)
             Began as a Deep Elf Hunter on June 23, 2023.
             Slain by an orc priest
             ... wielding a +0 hand axe
              (6 damage)
             ... on level 5 of the Dungeon.
             The game lasted 00:01:36 (4554 turns).

qw the Skirmisher (Deep Elf Hunter)                 Turns: 4554, Time: 00:01:36

Health: -1/40      AC:  2    Str:  8 (10) XL:     7   Next: 78%
Magic:  9/9        EV: 11    Int: 14      God:
Gold:   284        SH:  0    Dex: 14 (18) Spells: 6/6 levels left

rFire   . . .        b - +0 orcbow
rCold   . . .        (shield currently unavailable)
rNeg    . . .        d - +0 ring mail
rPois   .            (no helmet)
rElec   .            (no cloak)
rCorr   .            (no gloves)
SInv    +            (no boots)
Will    +....        f - amulet of faith
Stlth   +            g - ring of willpower
HPRegen 0.26/turn    a - ring of see invisible
MPRegen 0.11/turn

%: faith
@: no status effects
A: deformed body, deterioration 1
a: no special abilities


You were on level 5 of the Dungeon.
You visited 1 branch of the dungeon, and saw 5 of its levels.

You collected 284 gold pieces.


Innate Abilities, Weirdness & Mutations

Armour fits poorly on your strangely shaped body.
Your body sometimes deteriorates upon taking damage.


   Skills:
 - Level 2.1 Fighting
 + Level 11.8 Ranged Weapons
 - Level 1.2 Armour
 - Level 3.6 Dodging
 - Level 1.2 Stealth


You had 6 spell levels left.
You didn't know any spells.
Your spell library was empty.

Inventory:

Hand Weapons
 b - a +0 orcbow (weapon)
Armour
 d - a +0 ring mail (worn)
Jewellery
 a - a ring of see invisible (right hand)
 f - an amulet of faith (around neck)
 g - a ring of willpower (left hand)
Scrolls
 i - 6 scrolls of identify
Potions
 c - 2 potions of curing
 e - a potion of haste
 h - 2 potions of mutation

Dungeon Overview and Level Annotations

Branches:
Dungeon (5/15)
 Temple: D:4-7

Altars:
Ashenzari
Cheibriados
Hepliaklqana
Makhleb

Annotations:
D:4 2 transporters, 1 runed translucent door, Crazy Yiuf; qw's ghost, weakling DEHu
D:5 2 transporters, qw's ghost, novice GrFi


Message History

The orc shouts!
You hear a shout! x3
The orc priest hits you with a +0 hand axe.
Your body deteriorates!
You feel clumsy.
You shoot an arrow. The arrow barely misses the orc priest.
The arrow hits the gnoll but does no damage.
The gnoll hits you from afar with a +0 spear.
The orc priest begins to cast a cantrip, but forgets the words!
You shoot an arrow.
The arrow completely misses the orc priest.
The arrow hits the gnoll.
The gnoll is moderately wounded.
The gnoll barely misses you.
You shoot an arrow. The arrow hits the orc priest.
The orc priest is moderately wounded.
The gnoll hits you from afar with a +0 spear!
The orc priest barely misses you.
You shoot an arrow.
The arrow closely misses the orc priest.
The gnoll barely misses you. The orc priest barely misses you.
The orc hits you with a +0 club.
You shoot an arrow.
The arrow closely misses the orc priest.
The gnoll hits you from afar with a +0 spear.
The orc misses you.
The orc priest looks satisfied for a moment.
You shoot an arrow.
The arrow hits the orc priest but does no damage.
The orc priest is moderately wounded.
The orc closely misses you.
The gnoll hits you from afar with a +0 spear!
The orc priest looks braver for a moment.
The orc hits you but does no damage. The gnoll barely misses you.
The orc priest hits you with a +0 hand axe.
You shoot an arrow. The arrow hits the orc priest.
The orc priest is heavily wounded.
The gnoll hits you from afar with a +0 spear!
The orc hits you with a +0 club.
The orc priest hits you with a +0 hand axe.
You die...

.................................
~~~~~~~~~~~~~~~~....~~~~~~~~~~~~~
~~~~~~~~~~~~~~~~....~~~~~~~~~~~~~
####~~~~~~~~~~~~....~~~~~~%~~~~~#
og.#..........................).#
...#############''''#############
##+# ..... #....#....... # .#
......#o...#....... .#
.....go@...)....... .#
##################+ .# .# .# .#
.#.# ##'# #
...##############################


You could see an orc priest, a gnoll and an orc.

Vanquished Creatures
  Sigmund (D:4)
  An ogre (D:5)
  A phantom (D:5)
  A scorpion (D:5)
  An orc priest (D:5)
  3 hounds (D:5)
  A jelly (D:4)
  2 sleepcaps (D:5)
  4 iguanas (D:5)
  An orc wizard (D:5)
  9 gnolls
  A shadow imp (D:5)
  A worm (D:5)
  A dart slug (D:2)
  7 orcs
  9 ball pythons
  3 bats
  3 endoplasms
  2 giant cockroaches
  3 goblins
  12 hobgoblins
  15 jackals
  7 kobolds
  A quokka (D:1)
  2 frilled lizards
  7 rats
99 creatures vanquished.

Notes
Turn   | Place    | Note
-------+----------+-------------------------------------------
     0 | D:1      | qw the Deep Elf Hunter began the quest for the Orb.
     0 | D:1      | Reached XP level 1. HP: 12/12 MP: 3/3
     0 | D:1      | 0 ||| qw: Version: 0.3-a-9-g12657ce
     0 | D:1      | 0 ||| qw: Game counter: 3725
     0 | D:1      | 0 ||| qw: Always use a shield: true
     0 | D:1      | 0 ||| qw: God list: Okawaru
     0 | D:1      | 0 ||| qw: Allow faded altars: false
     0 | D:1      | 0 ||| qw: Do Orc after D:15 true
     0 | D:1      | 0 ||| qw: Do second Lair branch before Depths: true
     0 | D:1      | 0 ||| qw: Lair rune preference: random
     0 | D:1      | 0 ||| qw: Plans: Normal
     0 | D:1      | 0 ||| PLANNING D:1-11
   131 | D:1      | Reached XP level 2. HP: 16/16 MP: 4/4
   136 | D:1      | Reached skill level 6 in Ranged Weapons
   345 | D:1      | You fall into a shaft and drop 1 floor!
   474 | D:2      | 474 ||| UPGRADING to +0 ring mail.
   484 | D:2      | 484 ||| DROPPING +0 leather armour.
   485 | D:2      | 485 ||| UPGRADING to ring of willpower.
   486 | D:2      | 486 ||| READING scroll labelled HOKHAU TOPPUJOZU.
   489 | D:2      | 489 ||| DROPPING scroll of butterflies.
   795 | D:1      | Reached XP level 3. HP: 17/20 MP: 5/5
   919 | D:1      | 919 ||| UPGRADING to ring of see invisible.
  1594 | D:2      | 1594 ||| READING scroll labelled FEOSCH UWASI.
  1595 | D:2      | 1595 ||| READING scroll labelled RIESSENENESK.
  1749 | D:3      | Identified the +9 falchion of Internal Strife {heavy, rElec
                  | Int+2}
  1762 | D:3      | Reached skill level 7 in Ranged Weapons
  1860 | D:3      | Found the +0 toga "Victory" {*Victory Clar}
  2207 | D:3      | 2207 ||| UPGRADING to amulet of faith.
  2212 | D:3      | 2212 ||| READING scroll labelled OSUTIR SENT.
  2213 | D:3      | 2213 ||| READING 3 scrolls labelled UNEUTRAOTZ.
  2214 | D:3      | 2214 ||| READING scroll labelled BOGYAR VIWIY.
  2215 | D:3      | 2215 ||| DRINKING 2 pink potions.
  2216 | D:3      | 2216 ||| DRINKING 2 brown potions.
  2216 | D:3      | Gained mutation: Armour fits poorly on your strangely
                  | shaped body. [potion of mutation]
  2216 | D:3      | Gained mutation: Your body sometimes deteriorates upon
                  | taking damage. [potion of mutation]
  2217 | D:3      | 2217 ||| READING 2 scrolls of identify.
  2217 | D:3      | 2217 ||| IDENTIFYING smoky puce potion
  2248 | D:4      | Noticed Sigmund
  2262 | D:4      | Killed Sigmund
  2263 | D:4      | Reached skill level 9 in Ranged Weapons
  2263 | D:4      | Reached XP level 4. HP: 10/25 MP: 6/6
  2263 | D:4      | Reached XP level 5. HP: 12/29 MP: 7/7
  2348 | D:4      | Noticed a small abomination
  2358 | D:4      | Found a transporter.
  2415 | D:4      | Reached XP level 6. HP: 30/35 MP: 8/8
  2499 | D:4      | Found a transporter.
  2499 | D:4      | Noticed a small abomination
  2503 | D:4      | Noticed qw's ghost (weakling DEHu)
  2503 | D:4      | Noticed an ancient zyme
  2600 | D:4      | Found a runed translucent door.
  2601 | D:4      | Noticed Crazy Yiuf
  2891 | D:4      | 2891 ||| READING 5 scrolls of identify.
  2891 | D:4      | 2891 ||| IDENTIFYING fizzy sapphire potion
  2892 | D:4      | 2892 ||| READING 4 scrolls of identify.
  2892 | D:4      | 2892 ||| IDENTIFYING bubbling inky potion
  2893 | D:4      | 2893 ||| DROPPING potion of invisibility.
  2921 | D:5      | Entered Level 5 of the Dungeon
  2970 | D:5      | Reached skill level 10 in Ranged Weapons
  2977 | D:5      | HP: 8/35 [poisoned by a scorpion]
  3119 | D:5      | HP: 7/35 [ogre/+0 giant club (9)]
  3120 | D:5      | 3120 ||| DRINKING potion of heal wounds.
  3122 | D:5      | Reached skill level 3 in Dodging
  3391 | D:5      | Reached XP level 7. HP: 31/40 MP: 9/9
  3439 | D:5      | Found a broken altar of Ashenzari.
  3441 | D:5      | Found a burning altar of Makhleb.
  3442 | D:5      | Found a snail-covered altar of Cheibriados.
  3443 | D:5      | 3443 ||| Stepping ~*~*~tactically~*~*~ (outnumbered).
  3588 | D:5      | Found a hazy altar of Hepliaklqana.
  3591 | D:5      | Reached skill level 11 in Ranged Weapons
  4106 | D:5      | Found a transporter.
  4106 | D:5      | Noticed qw's ghost (novice GrFi)
  4108 | D:5      | Found a transporter.
  4138 | D:5      | HP: 6/40 [gnoll/+0 whip of electrocution (18)]
  4350 | D:5      | 4350 ||| READING scroll labelled JITY NUIRENK.
  4389 | D:5      | Reached skill level 1 in Armour
  4465 | D:5      | 4465 ||| SWAPPING to +0 orcbow.
  4466 | D:5      | 4466 ||| DROPPING +1 shortbow.
  4554 | D:5      | HP: 6/40 [gnoll/+0 spear (7)]
  4554 | D:5      | Slain by an orc priest

Levels and vault maps discovered:
D:1:      psy_arrival_wood_between_worlds, layout_basic, minmay_tripent
D:2:      layout_loops_corners
D:3:      layout_loops_ring
D:4:      layout_cave_pools, gammafunk_ghost_abyssal_escape, uniq_sigmund,
          uniq_crazy_yiuf_cottage
D:5:      lemuel_castle_with_subvaults [lemuel_castle_interior_carwin_3],
          layout_basic, mainiacjoe_overflow_chevrons,
          grunt_temple_overflow_open, gammafunk_ghost_mausoleum,
          serial_bayou_ford_a, st_stairs_4

Skill      XL: |  1  2  3  4  5  6  7 |
---------------+----------------------+-----
Ranged Weapons | 6 9 10 11 | 11.8
Fighting       | 2 |  2.1
Dodging        | 3 |  3.6
Armour         | 1 |  1.2
Stealth        | |  1.2

Action                     |  1- 3 |  4- 6 |  7- 9 || total
---------------------------+-------+-------+-------++-------
   Fire: Shortbow          |   121 |    85 |   114 ||   320
         Orcbow            |       |       |    20 ||    20
    Use: Scroll            |     7 |     2 |     1 ||    10
         Potion            |     2 |     1 |       ||     3
 Armour: Leather armour    |     2 |       |       ||     2
         Ring mail         |     8 |     3 |     7 ||    18
  Dodge: Dodged            |    15 |    11 |    38 ||    64

Table legend:
 A = Non-vault XP
 B = Vault XP
 C = Vault XP percentage of total XP
 D = Non-vault monster count
 E = Vault monster count
 F = Vault count percentage of total count
                 A         B        C        D         E       F
            +---------+---------+-------+---------+---------+-------
      Total |     823 |     453 |  35.5 |      74 |      25 |  25.3
            +---------+---------+-------+---------+---------+-------
        D:1 |      28 |       3 |   9.7 |      17 |       2 |  10.5
        D:2 |      27 |       0 |   0.0 |      14 |       0 |   0.0
        D:3 |      16 |       0 |   0.0 |      11 |       0 |   0.0
        D:4 |     159 |     226 |  58.7 |      17 |       1 |   5.6
        D:5 |     593 |     224 |  27.4 |      15 |      22 |  59.5
            +---------+---------+-------+---------+---------+-------
